 Dungeon Crawl Stone Soup version 0.30.1-11-g7821555f0a (webtiles) character file.

Game seed: 18337338558621271849

46 SacredBeard the Grave Robber (level 3, 0/26 HPs)
             Began as a Demonspawn Necromancer on Nov 18, 2023.
             Slain by a gnoll
             ... wielding a +0 whip
              (3 damage)
             ... on level 2 of the Dungeon.
             The game lasted 00:02:55 (1384 turns).

SacredBeard the Grave Robber (DsNe)                 Turns: 1384, Time: 00:02:55

Health: 0/26       AC:  3    Str:  8    XL:     3   Next: 44%
Magic:  1/6        EV: 12    Int: 18    God:
Gold:   34         SH:  0    Dex: 13    Spells: 5/6 levels left

rFire   . . .        d - +1 whip
rCold   . . .        (no shield)
rNeg    . . .        a - +0 robe
rPois   .            (helmet restricted)
rElec   .            (no cloak)
rCorr   .            (no gloves)
SInv    .            g - +0 pair of boots
Will    .....        (no amulet)
Stlth   ++           (no ring)
HPRegen 0.24/turn    (no ring)
MPRegen 0.10/turn

%: no passive effects
@: no status effects
A: horns 1
a: no special abilities


You were on level 2 of the Dungeon.
You visited 1 branch of the dungeon, and saw 2 of its levels.

You collected 64 gold pieces.
You spent 30 gold pieces at shops.

Inventory:

Hand Weapons
 d - a +1 whip (weapon)
Missiles
 c - 7 stones
 f - 2 javelins
Armour
 a - a +0 robe (worn)
 g - a +0 pair of boots (worn)
Scrolls
 e - a scroll of enchant weapon
Potions
 b - a potion of magic


   Skills:
 + Level 1.0 Fighting
 + Level 0.8 Throwing
 + Level 0.9 Armour
 - Level 2.0 Dodging
 + Level 2.1 Stealth
 - Level 2.0 Spellcasting
 * Level 4.9 Necromancy


You had 5 spell levels left.
You knew the following spells:

 Your Spells              Type           Power      Damage    Failure   Level
a - Necrotise             Necr           76%        1d7       2%          1

Your spell library contained the following spells:

 Spells                   Type           Power      Damage    Failure   Level
 Vampiric Draining        Necr           19%        2d7       8%          3
 Animate Dead             Necr           19%        N/A       24%         4
 Inner Flame              Hex/Fire       1%         N/A       47%         3
 Agony                    Necr           19%        N/A       56%         5
 Yara's Violent Unravell  Hex/Tmut       0%         3d3       99%         5
 Enfeeble                 Hex            0%         N/A       100%        7


Dungeon Overview and Level Annotations

Branches:
Dungeon (2/15) Zot: 10615

Altars:

Shops:
D:1 !


Innate Abilities, Weirdness & Mutations

You have a pair of small horns on your head.


Message History

The gnoll hits your gnoll skeleton with a +0 spear.
Your Fighting skill increases to level 1!
The gnoll writhes in agony!
A giant cockroach comes into view.
The gnoll hits your gnoll skeleton with a +0 spear!
Your gnoll skeleton is destroyed!
The gnoll barely resists.
The gnoll hits you with a +0 whip.
The gnoll writhes in agony.
A giant cockroach comes into view.
The gnoll completely misses you.
You are out of magic!
You are out of magic!
You are out of magic!
You are out of magic!
The gnoll attacks as you move away! The gnoll hits you with a +0 whip!
The gnoll attacks as you move away! The gnoll hits you with a +0 whip.
The gnoll attacks as you move away! The gnoll hits you with a +0 whip.
* * * LOW HITPOINT WARNING * * *
You feel better.
Okay, then.
As you read the scroll labelled NETEFUPIAH, it crumbles to dust.
It is a scroll of enchant weapon.
Your +0 whip glows red for a moment.
The gnoll closely misses you. The gnoll barely misses you.
As you read the scroll labelled RUURIO YKOH, it crumbles to dust.
The scroll dissolves into smoke.
It was a scroll of fog.
The gnoll barely misses you. x2
The gnoll attacks as you move away! The gnoll closely misses you.
The gnoll hits you with a +0 whip!
* * * LOW HITPOINT WARNING * * *
The gnoll attacks as you move away! The gnoll barely misses you.
As you read the scroll labelled LIFANE VEDUELL, it crumbles to dust.
You feel aware of your surroundings.
It was a scroll of magic mapping.
The gnoll hits you with a +0 whip.
* * * LOW HITPOINT WARNING * * *
As you read the scroll labelled DERORA ECKU, it crumbles to dust.
It is a scroll of identify.
You don't currently have any unidentified items.
The gnoll hits you with a +0 whip.
You die...

,*...#.,*,,,,,*
*,,*,#.#.###.###
,*,#..B.###****
*,,*,*,#.....#
****,*#gB.#####
*,,*,#,#####.#
*,*,,*###B.g§.#
*,,*,#.* #..# *,,,**
#####B##
*,,*,#.####..# ,,***
#B§##*,,#.#.......#
,,*
##Bg#*,,#.###.....#
,,*
##g##**#.###.#.#.###
,,* #§@##
#.##..#.#.... *,*
##§§###.##.##.#####
*,* ##§§.#.#..##.#
*,* ###...#.###.#
*,* #..†...# #.# *,*
#...>.## #.# *,*
#.....# *,* *,*
*****####### *,*
*,*** *,,,,* *,*


You could see 2 gnolls and a giant cockroach.

Vanquished Creatures
  A gnoll (D:2)
  2 dart slugs
  4 ball pythons
  5 bats (D:1)
  5 endoplasms
  3 giant cockroaches (D:1)
  3 goblins (D:1)
  3 hobgoblins (D:1)
  A rat (D:1)
27 creatures vanquished.

Notes
Turn   | Place    | Note
-------+----------+-------------------------------------------
     0 | D:1      | SacredBeard the Demonspawn Necromancer began the quest for
                  | the Orb.
     0 | D:1      | Reached XP level 1. HP: 13/13 MP: 3/3
   261 | D:1      | Discovered your monstrous ancestry.
   261 | D:1      | Gained mutation: You have a pair of small horns on your
                  | head. [demonic ancestry]
   261 | D:1      | Reached XP level 2. HP: 17/19 MP: 0/5
   779 | D:1      | Found Guippel's Distillery.
   787 | D:1      | Bought a potion of curing for 30 gold pieces
  1195 | D:1      | Reached XP level 3. HP: 25/25 MP: 4/6
  1369 | D:2      | Reached skill level 1 in Fighting
  1384 | D:2      | Slain by a gnoll

Illustrated notes

Levels and vault maps discovered:
D:1:      lemuel_arrival_lava_pool, layout_basic, serial_shops, shop,
          dk_noncrumbling_3
D:2:      layout_basic, minmay_worlds_worst_comb

Skill      XL: |  1  2  3 |
---------------+----------+-----
Dodging        | 2 |  2.0
Stealth        | 2 |  2.1
Fighting       | 1 |  1.0
Throwing       | |  0.8
Armour         | |  0.9
Spellcasting   | |  2.0
Necromancy     | |  4.9

Action                     || total
---------------------------++-------
  Melee: Unarmed           ||     6
   Cast: Necrotise         ||    52
    Use: Scroll            ||     4
         Potion            ||     1
 Armour: Robe              ||     5
  Dodge: Dodged            ||    15
